 Dungeon Crawl Stone Soup version 0.28-a0-724-g66f9036eb4 (webtiles) character file.

Game seed: 13413457919189465831

0 meatgazer the Skirmisher (level 1, -11/18 HPs)
             Began as a Demonspawn Abyssal Knight on Oct 26, 2021.
             Was a Follower of Lugonu.
             Mangled by a thrashing horror (15 damage)
             ... on level 2 of the Abyss.
             The game lasted 00:00:57 (105 turns).

meatgazer the Skirmisher (Demonspawn Abyssal Knight) Turns: 105, Time: 00:00:58

Health: -11/18     AC:  3    Str: 13    XL:     1   Next: 0%
Magic:  2/2        EV: 11    Int: 11    God:    Lugonu [*.....]
Gold:   16         SH:  0    Dex: 13    Spells: 0/0 levels left

rFire   . . .      SeeInvis .   a - +1 falchion
rCold   . . .      Faith    .   (no shield)
rNeg    . . .      Spirit   .   b - +0 leather armour
rPois   .          Reflect  .   (no helmet)
rElec   .          Harm     .   (no cloak)
rCorr   .          Rampage  .   (no gloves)
Will    .....                   (no boots)
Stlth   +.........              (no amulet)
HPRegen 0.06/turn               (no ring)
MPRegen 0.08/turn               (no ring)

@: no status effects
A: [low mp 2]
a: Renounce Religion, Depart the Abyss


You were on level 2 of the Abyss.
You worshipped Lugonu.
Lugonu was aware of your devotion.
You visited 0 branches of the dungeon, and saw 0 of its levels.
You visited the Abyss 1 time.

You collected 16 gold pieces.

Inventory:

Hand Weapons
 a - a +1 falchion (weapon)
Armour
 b - a +0 leather armour (worn)
Miscellaneous
 c - a box of beasts (inert)


   Skills:
 + Level 3.0 Fighting
 + Level 1.7 Long Blades
 + Level 1.7 Armour
 + Level 0.8 Dodging
 + Level 2.4 Invocations


You couldn't memorise any spells.
You didn't know any spells.
Your spell library was empty.

Dungeon Overview and Level Annotations

Branches:
Dungeon (0/15)

Altars:


Innate Abilities, Weirdness & Mutations

[Your magical capacity is very low. (-20% MP)]


Message History

Found a chain mail.
You see here a +0 chain mail.
A raiju comes into view.
Found 16 gold pieces.
What are your orders? t - Shout!
Orders for allies: a - Attack new target. r - Retreat! s - Stop attacking. g - Guard the area. f - Follow me.
Anything else - Cancel.
Retreat in which direction?
Press: ? - help, Dir - move target, f - you
Okay, then.
As you read the scroll labelled UGEBRA KIMI, it crumbles to dust.
A profound silence engulfs you.
It was a scroll of silence.
A large abomination and a raiju come into view.
You see here 16 gold pieces.
You now have 16 gold pieces.
The wretched star pulses with an eldritch light!
You feel less energetic. x2
Found a scroll labelled XIGRIBUIDAST.
d - a scroll labelled XIGRIBUIDAST
There are no items here.
Found 17 stones.
Magic scrolls do not work when you're silenced!
Your hearing returns.
As you read the scroll labelled XIGRIBUIDAST, it crumbles to dust.
It is a scroll of identify.
You don't have any unidentified items.
A thrashing horror comes into view.
The thrashing horror roars!
A sixfirhy comes into view.
The thrashing horror tramples you!
You hold your ground!
The thrashing horror tramples you.
* * * LOW HITPOINT WARNING * * *
You hold your ground!
The thrashing horror roars!
The thrashing horror tramples you!
Ouch! That really hurt!
You die...

. . . . .#§
#... #.§
#.#.#. #..
..#... #.#
...#..# #.#
##.....#..#
#..#.#.@# #
#...X.##. ##
....#...#.# ..
##. #.#.# #...
#.#.#..## #
##...##.#.#
#...#.#.....#
#..#..### .#.#
.########.#...
.#


You could see a thrashing horror.

Vanquished Creatures (others)
  7 starspawn tentacles (Abyss:2)
7 creatures vanquished.

Notes
Turn   | Place    | Note
-------+----------+-------------------------------------------
     0 | Abyss:1  | meatgazer the Demonspawn Abyssal Knight began the quest for
                  | the Orb.
     0 | Abyss:1  | Reached XP level 1. HP: 18/18 MP: 2/2
     7 | Abyss:2  | Found a corrupted altar of Lugonu.
    28 | Abyss:2  | Found a corrupted altar of Lugonu.
    31 | Abyss:2  | Noticed a tentacled starspawn
    67 | Abyss:2  | Noticed a raiju
    71 | Abyss:2  | Noticed a wretched star
    71 | Abyss:2  | Noticed a large abomination
    71 | Abyss:2  | Noticed a raiju
   101 | Abyss:2  | Noticed a thrashing horror
   102 | Abyss:2  | Noticed a sixfirhy
   105 | Abyss:2  | Mangled by a thrashing horror

Illustrated notes

Levels and vault maps discovered:
Abyss:2:  base:
Temple

Action                   || total
-------------------------++-------
Evoke: Box of beasts     ||     1
  Use: Scroll            ||     2

Table legend: (Time is in decaauts)
 A = Elapsed time spent in this place.
 B = Non-inter-level travel time spent in this place.
 C = Inter-level travel time spent in this place.
 D = Time resting spent in this place.
 E = Time spent auto-exploring this place.
 F = Levels seen in this place.
 G = Mean time per level.
                   A        B        C        D        E       F      G
               +--------+--------+--------+--------+--------+-----+--------+
         Total |    104 |    104 |      0 |      0 |     19 |   2 |   52.0 |
         Abyss |    104 |    104 |      0 |      0 |     19 |   2 |   52.0 |
               +--------+--------+--------+--------+--------+-----+--------+

Top non-repeatable levels by time:
 Abyss:2: 97 daAuts
 Abyss:1: 7 daAuts
